AoeStats
← AxingQuestions

African Clearing

506274263Analyzed
4v4 RM · 19d ago on Sep 13, 2026· 41m 4s· 8 players
Game mode
Random Map
Map size
Large (8 player)
Population
200
Speed
Normal
Resources
Standard
Victory
Conquest
Starting age
Dark Age
Ending age
Imperial Age
RankedLock teamsTeams togetherTeam positionsShared explorationLock speedFull tech treeHidden civsTurbo modeCheats
Victory
Defeat
🇦🇷 Saracens · Argentina
1405
+9
🇲🇽 Burmese · Mexico
1350
+11
🇭🇳 Spanish · Honduras
1317
+12
🇨🇴 Wei · Colombia
1248
+15
🇨🇳 Teutons · China
1261
-13
🇺🇸 Britons · United States
1259
-13
🇺🇸 Vietnamese · United States
1240
-12
🇨🇳 Khitans · China
1173
-9
hungry-oxygen98
12:21 Loom
14:41 Feudal Age
19:17 Castle Age
17:14 Double-Bit Axe
20:31 Bow Saw
22:31 Fletching
23:55 Bodkin Arrow
23:43 Elite Skirmisher
24:15 Horse Collar
24:55 Padded Archer Armor
27:38 Heavy Plow
29:25 Ballistics
30:32 Wheelbarrow
30:08 Squires
32:23 Thumb Ring
38:16 Hand Cart
40:09 Scale Barding Armor
41:30 Chain Barding Armor
AxingQuestions
5:35 Loom
13:20 Feudal Age
14:03 Double-Bit Axe
14:20 Horse Collar
18:10 Wheelbarrow
18:54 Town Watch
22:46 Castle Age
22:07 Forging
21:48 Fletching
23:15 Stone Mining
24:31 Hand Cart
28:01 Bodkin Arrow
29:41 Padded Archer Armor
31:22 Bow Saw
34:52 Ballistics
35:15 Leather Archer Armor
35:22 Heavy Plow
37:38 Crossbowman
38:12 Treadmill Crane
40:36 Yeomen
40:22 Murder Holes
40:42 Masonry
41:16 Gold Mining
casuai
3:14 Loom
15:03 Feudal Age
20:39 Castle Age
18:42 Town Watch
19:43 Double-Bit Axe
19:48 Domestication
21:12 Forging
21:08 Scale Barding Armor
23:20 Light Cavalry
25:49 Iron Casting
31:05 Husbandry
^_^
9:48 Loom
29:09 Feudal Age
38:38 Castle Age
El Detonador*
4:59 Loom
12:48 Feudal Age
22:01 Castle Age
22:15 Double-Bit Axe
22:11 Horse Collar
22:23 Gold Mining
23:22 Bow Saw
25:27 Wheelbarrow
27:18 Town Watch
27:41 Fletching
29:31 Bodkin Arrow
29:37 Padded Archer Armor
33:24 Ballistics
34:12 Heavy Plow
34:48 Hand Cart
37:48 Imperial Age
35:48 Bloodlines
36:00 Treadmill Crane
36:44 Leather Archer Armor
36:39 Husbandry
36:59 Stone Mining
38:26 Masonry
39:02 Parthian Tactics
38:39 Bracer
39:52 Chemistry
39:41 Ring Archer Armor
40:53 Tuntian
41:25 Crop Rotation
Mr.117
13:47 Feudal Age
13:29 Loom
14:54 Town Watch
17:21 Castle Age
15:41 Double-Bit Axe
27:18 Bloodlines
28:51 Wheelbarrow
29:10 Bow Saw
31:14 Husbandry
31:18 Town Watch
32:58 Hand Cart
32:42 Horse Collar
34:46 Forging
35:10 Light Cavalry
37:30 Iron Casting
42:57 Imperial Age
[JAGR] GORDAZO
3:56 Loom
14:02 Feudal Age
14:42 Double-Bit Axe
17:39 Castle Age
18:40 Bow Saw
23:50 Horse Collar
25:02 Fletching
25:24 Forging
29:17 Heavy Plow
30:58 Wheelbarrow
30:47 Husbandry
31:33 Bloodlines
32:44 Scale Barding Armor
32:44 Town Watch
37:36 Imperial Age
35:58 Gold Mining
36:47 Chain Barding Armor
37:51 Fletching
38:37 Iron Casting
39:08 Conscription
41:44 Blast Furnace
Urukubar
3:39 Loom
15:49 Feudal Age
19:29 Castle Age
18:24 Padded Archer Armor
18:07 Horse Collar
28:41 Bloodlines
29:48 Wheelbarrow
33:12 Ballistics
33:40 Hand Cart
34:28 Stone Mining
34:29 Gold Mining
34:41 Heavy Plow
36:26 Gold Shaft Mining
40:41 Imperial Age
38:21 Town Watch
40:18 Town Patrol
40:24 Manipur Cavalry
40:46 Elite Arambai
Connection lost

Rejoining the realm…

Still unreachable

The connection could not be restored.

Session expired

The server has moved on; the page needs a fresh start.